 Dungeon Crawl Stone Soup version 0.29-a0-670-g5ff2a30383 (webtiles) character file.

Game seed: 9208728611961168482

18 wazuzuz the Cudgeller (level 3, 1/1 (31) HPs)
             Began as a Meteoran Fighter on June 24, 2022.
             Tarried too long and was consumed by Zot
             ... on level 2 of the Dungeon.
             The game lasted 00:04:58 (1788 turns).

wazuzuz the Cudgeller (Meteoran Fighter)            Turns: 1788, Time: 00:04:59

HP:   1/1 (31)      AC:  5    Str: 19    XL:     3   Next: 8%
MP:   4/4           EV: 10    Int: 10    God:
Gold: 74            SH:  5    Dex: 13    Spells: 2/2 levels left

rFire   . . .      SeeInvis .   a - +0 flail
rCold   . . .      Faith    .   c - +0 buckler
rNeg    . . .      Spirit   .   g - +0 ring mail
rPois   .          Reflect  .   (no helmet)
rElec   .          Harm     .   (no cloak)
rCorr   .          Rampage  .   (no gloves)
Will    .....                   (no boots)
Stlth   +.........              (no amulet)
HPRegen 0.01/turn               (no ring)
MPRegen 0.09/turn               (no ring)

@: glowing, extremely drained, bezotted and risking death
A: sense surroundings 1, otherworldly, glowing, explore regen
a: no special abilities


You were on level 2 of the Dungeon.
You visited 1 branch of the dungeon, and saw 2 of its levels.

You collected 74 gold pieces.

Inventory:

Hand Weapons
 a - a +0 flail (weapon)
Armour
 b - a +0 scale mail
 c - a +0 buckler (worn)
 g - a +0 ring mail (worn)
Scrolls
 f - a scroll of enchant weapon {unknown}
 i - a scroll of immolation {unknown}
Potions
 d - a potion of might
 e - 2 potions of mutation {unknown}
 h - a potion of ambrosia {unknown}
 j - a potion of haste {unknown}


   Skills:
 + Level 3.6 Fighting
 * Level 3.8 Maces & Flails
 - Level 3.6 Armour
 - Level 3.6 Shields


You had 2 spell levels left.
You didn't know any spells.
Your spell library contained the following spells:

 Spells                   Type           Power      Damage    Failure   Level
 Fireball                 Conj/Fire      0%         3d3       100%        5
 Starburst                Conj/Fire      0%         6d3       100%        6
 Ignition                 Fire           0%         3d3       100%        8


Dungeon Overview and Level Annotations

Branches:
Dungeon (2/15) Zot: 0! You are so drained that the power of Zot will kill you!

Altars:


Innate Abilities, Weirdness & Mutations

You passively map a small area around you.
You are easily found by Zot.
You glow in the dark.
You regain HP and MP as you explore.


Message History

[Y]es or [N]o only, please.
Really rest while Zot is near? [Y]es or [N]o only, please.
Really rest while Zot is near? [Y]es or [N]o only, please.
Really rest while Zot is near? [Y]es or [N]o only, please.
Really rest while Zot is near? [Y]es or [N]o only, please.
Really rest while Zot is near? [Y]es or [N]o only, please.
Really rest while Zot is near? [Y]es or [N]o only, please.
Really rest while Zot is near? [Y]es or [N]o only, please.
Really rest while Zot is near? [Y]es or [N]o only, please.
Really rest while Zot is near? [Y]es or [N]o only, please.
Really rest while Zot is near? [Y]es or [N]o only, please.
Really rest while Zot is near? [Y]es or [N]o only, please.
Really rest while Zot is near? [Y]es or [N]o only, please.
Really rest while Zot is near? [Y]es or [N]o only, please.
Really rest while Zot is near? [Y]es or [N]o only, please.
Really rest while Zot is near?
You start waiting.
Zot draws nearer.
Dive deeper or flee this branch before you perish!
Really rest while Zot is near?
You start waiting.
Zot has nearly found you.
Death is approaching.
Descend or flee this branch!
Really rest while Zot is near?
You start waiting.
Unknown command.
Zot touches you for a single instant, and you cease to be.
You die...

##'## * #.# # ,
* #.# ###.# *
##.##* ..#.# ,
##...## .... ,
#.....# ..#* **
##...###.##
#.#####.###.#.#
...........@.#*
##############


There were no monsters in sight!

Vanquished Creatures
  An endoplasm (D:2)
  2 giant cockroaches (D:1)
  3 goblins
  3 jackals (D:1)
  4 ball pythons
  3 kobolds (D:1)
  A rat (D:1)
17 creatures vanquished.

Notes
Turn   | Place    | Note
-------+----------+-------------------------------------------
     0 | D:1      | wazuzuz the Meteoran Fighter began the quest for the Orb.
     0 | D:1      | Reached XP level 1. HP: 19/19 MP: 2/2
   104 | D:1      | Reached XP level 2. HP: 23/26 MP: 3/3
   488 | D:1      | Glimpsed the power of Zot.
   538 | D:1      | Glimpsed the power of Zot.
   578 | D:1      | Glimpsed the power of Zot.
   587 | D:1      | Glimpsed the power of Zot.
   588 | D:1      | Touched by the power of Zot.
   689 | D:1      | Glimpsed the power of Zot.
   739 | D:1      | Glimpsed the power of Zot.
   779 | D:1      | Glimpsed the power of Zot.
   788 | D:1      | Touched by the power of Zot.
   812 | D:2      | Reached XP level 3. HP: 3/12 MP: 4/4
  1488 | D:2      | Glimpsed the power of Zot.
  1538 | D:2      | Glimpsed the power of Zot.
  1578 | D:2      | Glimpsed the power of Zot.
  1587 | D:2      | Glimpsed the power of Zot.
  1588 | D:2      | Touched by the power of Zot.
  1688 | D:2      | Glimpsed the power of Zot.
  1738 | D:2      | Glimpsed the power of Zot.
  1778 | D:2      | Glimpsed the power of Zot.
  1787 | D:2      | Glimpsed the power of Zot.
  1788 | D:2      | Tarried too long and was consumed by Zot

Illustrated notes

Levels and vault maps discovered:
D:1:      minmay_arrival_stair_chambers, layout_loops_corners
D:2:      layout_loops_corners, dilly_ecumenical_altar_fadedgnrine,
          kennysheep_generic_room_9, uniq_terence

Skill      XL: |  1 |
---------------+----+-----
Maces & Flails | 3 |  3.8
Fighting       | |  3.6
Armour         | |  3.6
Shields        | |  3.6

Action                   || total
-------------------------++-------
Melee: Flail             ||    46
Armor: Scale mail        ||    12
       Ring mail         ||     7
Dodge: Dodged            ||    24
Block: Buckler           ||     8

Table legend: (Time is in decaauts)
 A = Elapsed time spent in this place.
 B = Non-inter-level travel time spent in this place.
 C = Inter-level travel time spent in this place.
 D = Time resting spent in this place.
 E = Time spent auto-exploring this place.
 F = Levels seen in this place.
 G = Mean time per level.
                   A        B        C        D        E       F      G
               +--------+--------+--------+--------+--------+-----+--------+
         Total |   1800 |   1792 |      8 |    923 |    401 |   2 |  900.0 |
       Dungeon |   1800 |   1792 |      8 |    923 |    401 |   2 |  900.0 |
               +--------+--------+--------+--------+--------+-----+--------+

Top non-repeatable levels by time:
     D:2: 998 daAuts
     D:1: 802 daAuts
